 Dungeon Crawl Stone Soup version 0.31-a0-145-g046c7d2549 (webtiles) character file.

Game seed: 1858421708253720715

7681 jasper the Covert (level 11, -8/54 HPs)
             Began as a Spriggan Venom Mage on June 5, 2023.
             Was a Believer of Kikubaaqudgha.
             Killed by divine providence
             ... invoked by an orc priest
              (17 damage)
             ... on level 10 of the Dungeon.
             The game lasted 00:21:06 (10484 turns).

jasper the Covert (Spriggan Venom Mage)            Turns: 10484, Time: 00:21:07

Health: -8/54      AC:  5    Str:  7    XL:     11   Next: 0%
Magic:  23/32      EV: 21    Int: 21    God:    Kikubaaqudgha [**....]
Gold:   414        SH:  5    Dex: 16    Spells: 10/25 levels left

rFire   . . .        e - +2 dagger (drain)
rCold   . . .        r - +0 buckler of Modesty {rElec MP+9 Str+3}
rNeg    . . .        f - +0 steam dragon scales
rPois   .            (helmet restricted)
rElec   +            (no cloak)
rCorr   +            (gloves unavailable)
SInv    +            (boots unavailable)
Will    ++...        (no amulet)
Stlth   ++++         j - ring of resist corrosion
HPRegen 0.29/turn    o - ring of willpower
MPRegen 0.23/turn

%: no passive effects
@: very quick
A: very small, no large weapons, unfitting armour, see invisible, speed 3
a: Renounce Religion, Unearth Wretches


You were on level 10 of the Dungeon.
You worshipped Kikubaaqudgha.
Kikubaaqudgha was pleased with you.
You visited 1 branch of the dungeon, and saw 10 of its levels.

You collected 414 gold pieces.

Inventory:

Hand Weapons
 c - a +0 quarterstaff
 e - a +2 dagger of draining (weapon)
Missiles
 g - 5 curare-tipped darts
Armour
 a - a +1 robe
 f - +0 steam dragon scales (worn)
 r - the +0 buckler of Modesty (worn) {rElec MP+9 Str+3}
   (You acquired it on level 9 of the Dungeon)

   Str:       It affects your strength (+3).
   rElec:     It insulates you from electricity.
   MP:        It affects your magic capacity (+9).
Jewellery
 j - a ring of resist corrosion (left hand)
 o - a ring of willpower (right hand)
Wands
 k - a wand of charming (13)
 p - a wand of digging (2)
Scrolls
 i - a scroll of fog
 n - 2 scrolls of identify
 q - a scroll of immolation
 t - 2 scrolls of enchant armour
 v - a scroll of enchant weapon
 w - a scroll of fear
 y - a scroll of teleportation
Potions
 b - a potion of magic
 d - 2 potions of enlightenment
 h - 3 potions of attraction
 l - 3 potions of curing
 s - a potion of resistance
 x - a potion of might


   Skills:
 + Level 4.7 Fighting
 + Level 7.8 Dodging
 + Level 9.3 Stealth
 - Level 5.0 Shields
 - Level 7.6 Spellcasting
 - Level 1.0 Conjurations
 * Level 5.2 Necromancy
 - Level 1.3 Transmutations
 - Level 1.0 Air Magic
 - Level 7.0 Poison Magic
 - Level 7.2 Evocations


You had 10 spell levels left.
You knew the following spells:

 Your Spells              Type           Power      Damage    Failure   Level
a - Sting                 Tmut/Pois      100%       1d8       2%          1
b - Poisonous Vapours     Pois/Air       48%        N/A       3%          2
c - Mephitic Cloud        Conj/Pois/Air  20%        N/A       11%         3
d - Olgreb's Toxic Radia  Pois           37%        N/A       7%          4
e - Sublimation of Blood  Necr           29%        N/A       2%          2
f - Vampiric Draining     Necr           29%        2d8       4%          3

Your spell library contained the following spells:

 Spells                   Type           Power      Damage    Failure   Level
 Necrotise                Necr           100%       1d9       1%          1
 Cigotuvi's Dreadful Rot  Necr/Pois/Air  52%        N/A       3%          2
 Freeze                   Ice            28%        1d5       13%         1
 Hailstorm                Conj/Ice       10%        3d5       30%         3
 Frozen Ramparts          Ice            14%        1d3       36%         3
 Portal Projectile        Hex/Tloc       14%        N/A       36%         3
 Tukima's Dance           Hex            7%         N/A       36%         3
 Petrify                  Tmut/Erth      10%        N/A       67%         4
 Blade Hands              Tmut           6%         N/A       89%         5
 Irradiate                Conj/Tmut      6%         3d13      91%         5
 Discord                  Hex            3%         N/A       100%        8
 Ignition                 Fire           3%         3d4       100%        8


Dungeon Overview and Level Annotations

Branches:
Dungeon (10/15)            Temple (0/1) D:6            Lair (0/5) D:10
    Orc: D:9-12

Altars:
Ashenzari
Elyvilon
Kikubaaqudgha
Qazlal
Ru
Vehumet
Zin

Shops:
D:10 (

Annotations:
D:7 Menkaure
D:10 exclusion: gargoyle, Fannar


Innate Abilities, Weirdness & Mutations

You are very small and have problems with some larger weapons.
You are too small for most types of armour.
You have supernaturally acute eyesight. (SInv)
You cover ground extremely quickly. (Speed+++)


Message History

Your gargoyle closely misses the orc priest.
You now have 24/32 mp.
Aiming: Sting (safe; 2% risk of failure)
Press: ? - help, Q - select action, (/) - cycle Shift-Dir - straight line, f/p - orc priest
Aim: an orc priest, wielding a +0 club (moderately wounded, poisoned, ally target, 78% to hit)
The sting hits the orc priest but does no damage.
The orc priest looks even sicker.
The orc priest is moderately wounded.
You feel sick.
The gargoyle is no longer charmed.
You block the orc priest's attack.
You take 1 damage, and have 33/54 hp.
Aiming: Sting (safe; 2% risk of failure)
Press: ? - help, Q - select action, (/) - cycle Shift-Dir - straight line, f/p - orc priest
Aim: an orc priest, wielding a +0 club (moderately wounded, very poisoned, 78% to hit)
The sting hits the orc priest but does no damage.
The orc priest looks even sicker.
The orc priest is moderately wounded.
You feel sick.
The orc priest calls down the wrath of Beogh upon you.
Beogh smites you! The gargoyle completely misses you.
You take 14 damage, and have 19/54 hp.
MASSIVE DAMAGE!!
You now have 23/32 mp.
Aiming: Charm
Press: ? - help, Shift-Dir - straight line, f - gargoyle, p - orc priest
Aim: a gargoyle, wielding a +0 flail (lightly damaged, chance to affect: 49%)
The gargoyle resists with some effort.
You feel sick.
You are no longer poisoned.
You block the orc priest's attack. The gargoyle hits you with a +0 flail!
* * * LOW HITPOINT WARNING * * *
You take 10 damage, and have 9/54 hp.
Okay, then.
Okay, then.
Blink to where?
Press: ? - help, Dir - move target, p - gargoyle
Found a staircase to the Lair.
As you read the scroll of blinking, it crumbles to dust.
The bullfrog gives a loud, deep croak!
You hear an angry buzzing noise.
The orc priest mumbles some strange prayers to Beogh against you.
Beogh smites you!
You die...
Kikubaaqudgha rasps: "You have failed me!
Welcome... death!"

#..### # #. .....#
####..## ###. #.
.#...## #.......
....##.
.FP....##.)..#..
#.....#..P.P..Po....#.#
+............P.....#).#
#...PP...P....P....#.##
#......PPP....S.##[#.#.
#.....@...PP...F ..#.#.
#####....P...P..P
..#.#.
#§o<......PP...PP
...#.##
##9#.P...P..P...
P..#.S# #..P....P....P.
##.# ###..P....P>... ..
#.. #P.P..P......
..P.###. #....P..P....
P......S


..PP.PP P....##. You could see a gargoyle, a bullfrog and an orc priest (very
poisoned).

Vanquished Creatures
  2 two-headed ogres
  A deep elf pyromancer (D:9)
  An ugly thing (D:9)
  A kobold demonologist (D:9)
  A hornet (D:7)
  Sigmund (D:5)
  A slime creature (D:9)
  A shadow (D:9)
  4 wraiths (D:9)
  2 wyverns
  2 yaks (D:9)
  A vampire mosquito (D:10)
  3 steam dragons (D:9)
  Duvessa (D:5)
  2 orc warriors (D:9)
  An ice beast (D:6)
  2 sky beasts (D:7)
  4 black bears
  3 centaurs
  3 kobold brigands
  A gnoll sergeant (D:9)
  4 bullfrogs
  3 scorpions
  Dowan (D:5)
  4 killer bees (D:8)
  5 howler monkeys
  2 hounds (D:5)
  2 gnoll boudas (D:9)
  A jelly (D:6)
  A sleepcap (D:6)
  4 iguanas
  6 orc wizards
  6 gnolls
  4 adders
  4 shadow imps
  2 white imps (D:5)
  A worm (D:3)
  A dart slug (D:2)
  9 orcs
  7 endoplasms
  2 giant cockroaches
  5 hobgoblins
  2 jackals (D:1)
  11 kobolds
  3 quokkas
  A ball python (D:2)
  3 bats
  4 frilled lizards
  16 goblins
  8 rats
160 creatures vanquished.

Vanquished Creatures (collateral kills)
  A vampire mosquito (D:9)
  A water moccasin (D:10)
2 creatures vanquished.

Vanquished Creatures (others)
  An orc wizard (D:9)
1 creature vanquished.

Grand Total: 163 creatures vanquished

Notes
Turn   | Place    | Note
-------+----------+-------------------------------------------
     0 | D:1      | jasper the Spriggan Venom Mage began the quest for the Orb.
     0 | D:1      | Reached XP level 1. HP: 9/9 MP: 5/5
   281 | D:1      | Reached XP level 2. HP: 13/13 MP: 3/6
   284 | D:1      | Learned a level 2 spell: Poisonous Vapours
  1668 | D:2      | Reached XP level 3. HP: 12/16 MP: 0/8
  1672 | D:2      | Learned a level 3 spell: Mephitic Cloud
  1968 | D:2      | Found a faded altar of an unknown god.
  2549 | D:3      | Found a broken altar of Ashenzari.
  3055 | D:3      | Reached XP level 4. HP: 21/21 MP: 0/9
  3541 | D:4      | Noticed a black bear
  3553 | D:4      | Killed a black bear
  3554 | D:4      | Reached skill level 1 in Conjurations
  3554 | D:4      | Reached skill level 1 in Air Magic
  3554 | D:4      | Reached skill level 5 in Poison Magic
  3554 | D:4      | Reached XP level 5. HP: 24/24 MP: 1/10
  3647 | D:4      | Learned a level 4 spell: Olgreb's Toxic Radiance
  3792 | D:4      | Noticed a phantom
  3818 | D:5      | Entered Level 5 of the Dungeon
  3829 | D:5      | Reached XP level 6. HP: 28/28 MP: 7/11
  4301 | D:5      | Noticed Dowan
  4304 | D:5      | Noticed Duvessa
  4342 | D:5      | Killed Dowan
  4424 | D:5      | Killed Duvessa
  4425 | D:5      | Reached skill level 1 in Fighting
  4425 | D:5      | Reached skill level 4 in Stealth
  4425 | D:5      | Reached XP level 7. HP: 31/33 MP: 0/13
  4808 | D:5      | Noticed Sigmund
  4947 | D:5      | Killed Sigmund
  4948 | D:5      | Reached skill level 5 in Stealth
  5180 | D:5      | Found a sacrificial altar of Ru.
  5207 | D:5      | Became a worshipper of Ru the Awakened
  5759 | D:6      | Reached skill level 5 in Dodging
  5767 | D:6      | Reached XP level 8. HP: 34/39 MP: 1/15
  5938 | D:6      | Found an ancient bone altar of Kikubaaqudgha.
  6047 | D:6      | Reached skill level 6 in Stealth
  6133 | D:6      | Found a staircase to the Ecumenical Temple.
  6189 | D:6      | Fell from the grace of Ru
  6189 | D:6      | Became a worshipper of Kikubaaqudgha
  6390 | D:6      | Found a radiant altar of Vehumet.
  6394 | D:6      | Learned a level 2 spell: Sublimation of Blood
  6509 | D:6      | Reached skill level 1 in Necromancy
  6644 | D:7      | Noticed Menkaure
  6652 | D:6      | Reached skill level 7 in Stealth
  6745 | D:7      | Noticed a hornet
  6752 | D:7      | Killed a hornet
  7124 | D:7      | You fall into a shaft and drop 3 floors!
  7124 | D:10     | Entered Level 10 of the Dungeon
  7142 | D:10     | Found a white marble altar of Elyvilon.
  7199 | D:10     | Found Taipnov's Weapon Shoppe.
  7201 | D:10     | Noticed Fannar
  7201 | D:10     | Noticed a gargoyle
  7227 | D:10     | Found a stormy altar of Qazlal.
  7316 | D:8      | Reached skill level 8 in Stealth
  7316 | D:8      | Reached XP level 9. HP: 45/45 MP: 7/16
  7888 | D:8      | Reached * piety under Kikubaaqudgha
  7888 | D:8      | Received a gift from Kikubaaqudgha
  7893 | D:8      | Learned a level 3 spell: Vampiric Draining
  7983 | D:9      | Identified a scroll of acquirement
  7983 | D:9      | Acquired the +0 buckler of Modesty {rElec MP+9 Str+3}
  8090 | D:9      | Noticed a two-headed ogre
  8131 | D:9      | Killed a two-headed ogre
  8394 | D:9      | Reached skill level 1 in Shields
  8668 | D:9      | Reached skill level 5 in Spellcasting
  8774 | D:9      | Reached XP level 10. HP: 35/51 MP: 18/18
  9011 | D:9      | Found a glowing silver altar of Zin.
  9748 | D:9      | Noticed a deep elf pyromancer
  9752 | D:9      | Noticed a cyan ugly thing
  9755 | D:9      | Killed a deep elf pyromancer
  9763 | D:9      | Reached skill level 5 in Shields
  9833 | D:9      | Reached ** piety under Kikubaaqudgha
 10081 | D:9      | Killed a cyan ugly thing
 10253 | D:10     | Noticed a two-headed ogre
 10254 | D:10     | Noticed a sixfirhy
 10332 | D:10     | Noticed a boulder beetle
 10384 | D:10     | Reached skill level 9 in Stealth
 10426 | D:10     | Noticed a gargoyle
 10479 | D:10     | Killed a two-headed ogre
 10480 | D:10     | Reached skill level 5 in Necromancy
 10480 | D:10     | Reached XP level 11. HP: 34/54 MP: 23/23
 10484 | D:10     | Found a staircase to the Lair.
 10484 | D:10     | Killed from afar by an orc priest

Illustrated notes

Levels and vault maps discovered:
D:1:      onia_arrival_pyramid, layout_loops_corners
D:2:      layout_rooms, chequers_ecumenical_altar_simple_redux
D:3:      kennysheep_the_goblin_king, layout_loops_ring,
          mainiacjoe_overflow_boulevard, grunt_decor_clamped, minivault_23
D:4:      layout_basic, overflow_temple_1_default, nemelex_dance_club_becter,
          yredelemnul_altar_generic, jmf_multi_god_temple, lemuel_flame_loot_1
D:5:      layout_cave_pods, kennysheep_mini, nicolae_ossuary_entry_plus,
          grunt_decor_junction, uniq_duvessa, uniq_sigmund
D:6:      layout_rooms, old_standard_altar, kiku_gazebo_pond_becter,
          minmay_temple_entry_hall
D:7:      layout_loops_corners, mainiacjoe_overflow_alcove_2, serial_shops,
          shop, uniq_maggie, uniq_menkaure
D:8:      layout_layer_cave, slow_altar_1, uniq_prince_ribbit1
D:9:      minmay_slanted_spiral_squares, layout_irregular_city,
          old_standard_altar
D:10:     layout_basic, mainiacjoe_overflow_catch_the_wave,
          due_lair_maze_entry_diamond, orc_david_3, serial_shops,
          nicolae_shop_bloodbath_and_beyond, dreamdust_princess_corridor,
          grunt_ministairs_11, uniq_fannar

Skill      XL: |  1  2  3  4  5  6  7  8  9 10 |
---------------+-------------------------------+-----
Poison Magic   | 4 5 6 7 |  7.0
Spellcasting   | 3 4 5 7 |  7.6
Conjurations   | 1 |  1.0
Air Magic      | 1 |  1.0
Dodging        | 3 5 6 7 |  7.8
Fighting       | 1 2 3 4 |  4.7
Stealth        | 4 5 8 9 |  9.3
Necromancy     | 3 4 5 |  5.2
Evocations     | 7 |  7.2
Shields        | 1 5 |  5.0
Transmutations | |  1.3

Action                     |  1- 3 |  4- 6 |  7- 9 | 10-12 || total
---------------------------+-------+-------+-------+-------++-------
  Melee: Quarterstaff      |    11 |       |     8 |       ||    19
         Dagger            |     7 |    19 |    55 |    25 ||   106
         Punch             |       |     1 |       |       ||     1
   Cast: Sting             |    70 |    27 |   116 |    35 ||   248
         Poisonous Vapours |    36 |    17 |    49 |    31 ||   133
         Olgreb's Toxic Ra |       |     4 |    14 |    13 ||    31
         Mephitic Cloud    |       |       |       |     1 ||     1
  Evoke: Wand              |       |     1 |     6 |    30 ||    37
    Use: Scroll            |     6 |     4 |     1 |     6 ||    17
         Potion            |       |     2 |     2 |       ||     4
   Stab: Sleeping          |       |       |     1 |     2 ||     3
         Distracted        |       |       |     1 |       ||     1
 Armour: Robe              |     6 |     2 |    11 |     3 ||    22
  Dodge: Dodged            |    23 |    15 |   126 |    57 ||   221
  Block: Buckler           |       |       |     6 |    19 ||    25

Table legend: (Time is in decaauts)
 A = Elapsed time spent in this place.
 B = Non-inter-level travel time spent in this place.
 C = Inter-level travel time spent in this place.
 D = Time resting spent in this place.
 E = Time spent auto-exploring this place.
 F = Levels seen in this place.
 G = Mean time per level.
                   A        B        C        D        E       F      G
               +--------+--------+--------+--------+--------+-----+--------+
         Total |   8440 |   8206 |    234 |    659 |   6022 |  10 |  844.0 |
       Dungeon |   8440 |   8206 |    234 |    659 |   6022 |  10 |  844.0 |
               +--------+--------+--------+--------+--------+-----+--------+

Top non-repeatable levels by time:
     D:9: 2061 daAuts
     D:5: 1436 daAuts
     D:1: 1411 daAuts
     D:6: 897 daAuts
     D:3: 729 daAuts
     D:2: 642 daAuts
     D:7: 458 daAuts
     D:8: 393 daAuts
     D:4: 265 daAuts
    D:10: 144 daAuts
